 Dungeon Crawl Stone Soup version 0.21.1-1-g345015fe64 (webtiles) character file.

107 Peloso the Shield-Bearer (level 4, -2/35 HPs)
             Began as a Demonspawn Fighter on June 16, 2018.
             Killed by divine providence
             ... invoked by an orc priest
              (11 damage)
             ... on level 2 of the Dungeon.
             The game lasted 00:03:52 (1586 turns).

Peloso the Shield-Bearer (Demonspawn Fighter)       Turns: 1586, Time: 00:03:52

Health: -2/35      AC:  6    Str: 22    XL:     4   Next: 56%
Magic:  13/13      EV: 12    Int: 10    God:
Gold:   29         SH: 10    Dex: 17    Spells: 3/3 levels left

rFire    . . .     SeeInvis .   a - +0 long sword
rCold    . . .     Gourm    .   c - +0 shield
rNeg     . . .     Faith    .   b - +0 scale mail
rPois    .         Spirit   .   (helmet restricted)
rElec    .         Reflect  .   (no cloak)
rCorr    .         Harm     .   (no gloves)
MR       .....                  (no boots)
Stlth    +.........             (no amulet)
HPRegen  0.11/turn              l - ring of magical power
MPRegen  0.13/turn              (no ring)

@: mighty, agile
A: horns 2, powered by pain 1
a: no special abilities


You were on level 2 of the Dungeon.
You were hungry.

You visited 1 branch of the dungeon, and saw 2 of its levels.

You collected 29 gold pieces.

Inventory:

Hand Weapons
 a - a +0 long sword (weapon)
Armour
 b - a +0 scale mail (worn)
 c - a +0 shield (worn)
Jewellery
 l - a ring of magical power (left hand)
Wands
 n - a wand of enslavement (14)
Scrolls
 h - 3 scrolls of identify {unknown}
 j - a scroll of blinking {unknown}
 k - a scroll of magic mapping {unknown}
Potions
 d - a potion of might
 e - 2 potions of cancellation {unknown}
 g - a potion of curing {unknown}
 i - a potion of haste {unknown}
Comestibles
 f - 3 rations


   Skills:
 + Level 3.3 Fighting
 + Level 2.6 Long Blades
 + Level 3.4 Armour
 + Level 0.5 Dodging
 + Level 3.5 Shields


You had 3 spell levels left.
You didn't know any spells.

Dungeon Overview and Level Annotations

Branches:
Dungeon (2/15)

Altars:


Innate Abilities, Weirdness & Mutations

You have a pair of horns on your head.
You sometimes gain a little power by taking damage.


Message History

A bat comes into view.
You are feeling hungry.
The adder bites you but does no damage. You block the bat's attack.
The hobgoblin misses you. The bat hits you but does no damage.
The bat barely misses you. You block the bat's attack.
The bat barely misses you. The bat hits you.
* * * LOW HITPOINT WARNING * * *
The bat closely misses you.
You riposte.
You barely miss the bat.
You kill the bat!
The orc priest casts a cantrip, but nothing happens.
The adder closely misses you.
All of the chunks of flesh in your inventory have rotted away.
The adder closely misses you. The adder misses you.
You riposte.
You closely miss the adder.
You kill the adder!
The orc priest invokes the aid of Beogh against you.
Beogh smites you!
You die...

... #.(.....# ..# .##
.###).#...<# .[### ..#
.#.(..#.#### ..w.#### #.#
#...##.#.# ..#....### ##.##...#
#...# ######...# #.......# #..##
#### ###.#####......# #..# ...##
#....##......####..# ......
#..o..g†.@..#...)..#
...###.................#.##
####.................###.#######
.....##...(#.#.......#.........#
...#.......#...................#
..##...#...#.#......#..........#
......##........##.............#
#....##........###.###.........#
.....##.###....###.###.........#


You could see an orc priest and a hobgoblin.

Vanquished Creatures
  An orc priest (D:2)
  2 adders
  4 dart slugs (D:1)
  5 leopard geckos
  4 giant cockroaches
  8 goblins
  3 hobgoblins (D:1)
  3 kobolds
  6 bats
  4 frilled lizards
  4 rats (D:1)
44 creatures vanquished.

Notes
Turn   | Place    | Note
-------+----------+-------------------------------------------
     0 | D:1      | Peloso the Demonspawn Fighter began the quest for the Orb.
     0 | D:1      | Reached XP level 1. HP: 18/18 MP: 1/1
   131 | D:1      | Gained mutation: You sometimes gain a little power by taking damage. [demonic ancestry]
   131 | D:1      | Reached XP level 2. HP: 16/24 MP: 2/2
   552 | D:1      | Gained mutation: You have a pair of small horns on your head. [demonic ancestry]
   552 | D:1      | Reached XP level 3. HP: 24/29 MP: 3/3
  1328 | D:2      | Gained mutation: You have a pair of horns on your head. [demonic ancestry]
  1328 | D:2      | Reached XP level 4. HP: 12/35 MP: 4/4
  1586 | D:2      | Killed from afar by an orc priest

Skill      XL: |  1  2 |
---------------+-------+-----
Armour         | 3 |  3.4
Shields        | 3 |  3.5
Long Blades    | 2 |  2.6
Fighting       | |  3.3
Dodging        | |  0.5

Action                   |  1- 3 |  4- 6 || total
-------------------------+-------+-------++-------
Melee: Long sword        |   137 |    20 ||   157
       Headbutt          |     4 |     4 ||     8
  Eat: Chunk             |       |     2 ||     2
Armor: Scale mail        |   101 |    10 ||   111
Dodge: Dodged            |    37 |    15 ||    52
Block: Shield            |    85 |    14 ||    99
       Rpst.: Long sword |    12 |     5 ||    17
